 Dungeon Crawl Stone Soup version 0.26.1-2-gb8aa6d0cf2 (webtiles) character file.

Game seed: 7189651253788400896

1707 Gadfly the Gusty (level 9, -12/50 HPs)
             Began as a Tengu Air Elementalist on Feb 19, 2021.
             Was a Follower of Vehumet.
             Killed by divine providence
             ... invoked by an orc priest
              (15 damage)
             ... on level 8 of the Dungeon.
             The game lasted 00:20:37 (8551 turns).

Gadfly the Gusty (Tengu Air Elementalist)           Turns: 8551, Time: 00:20:37

Health: -12/50     AC:  4    Str:  8    XL:     9   Next: 3%
Magic:  11/16      EV: 15    Int: 22    God:    Vehumet [*.....]
Gold:   133        SH:  0    Dex: 16    Spells: 2/17 levels left

rFire    + + .     SeeInvis .   a - +0 trident
rCold    . . .     Faith    .   (no shield)
rNeg     . . .     Spirit   .   i - +0 robe {rF+}
rPois    .         Reflect  .   (helmet restricted)
rElec    .         Harm     .   j - +1 cloak
rCorr    .         Rampage  .   (no gloves)
Will     .....                  (boots unavailable)
Stlth    +++.......             (no amulet)
HPRegen  0.16/turn              (no ring)
MPRegen  0.15/turn              l - ring of protection from fire

@: no status effects
A: beak, talons 3, camouflage 1, agile 1, clever 1, wild magic 1, evolution 1,
able to fly
a: Fly, Renounce Religion


You were on level 8 of the Dungeon.
You worshipped Vehumet.
Vehumet was aware of your devotion.
You visited 1 branch of the dungeon, and saw 8 of its levels.

You collected 227 gold pieces.
You spent 94 gold pieces at shops.

Inventory:

Hand Weapons
 a - a +0 trident (weapon)
 b - a +2 flail of holy wrath
Armour
 i - a +0 robe of fire resistance (worn)
 j - a +1 cloak (worn)
 s - a +0 buckler
Jewellery
 l - a ring of protection from fire (right hand)
Wands
 r - a wand of flame (14)
 t - a wand of acid (8)
Scrolls
 c - a scroll of blinking
 f - 2 scrolls of immolation
 h - a scroll of amnesia
 m - a scroll of teleportation
 n - a scroll of enchant armour
 p - a scroll of remove curse
 q - a scroll of magic mapping
Potions
 d - 4 potions of mutation
 e - a potion of haste
 g - 2 potions of curing
 k - 2 potions of brilliance
 o - a potion of lignification


   Skills:
 + Level 3.0 Fighting
 * Level 5.4 Dodging
 - Level 2.0 Stealth
 * Level 4.6 Spellcasting
 * Level 5.7 Conjurations
 * Level 5.2 Summonings
 * Level 5.8 Air Magic
 * Level 4.3 Evocations


You had 2 spell levels left.
You knew the following spells:

 Your Spells              Type           Power        Failure   Level
a - Shock                 Conj/Air       100%         2%          1
b - Swiftness             Air            39%          3%          2
c - Static Discharge      Conj/Air       39%          5%          3
d - Airstrike             Air            19%          14%         4
e - Lightning Bolt        Conj/Air       19%          34%         5

Your spell library contained the following spells:

 Spells                   Type           Power        Failure   Level
 Freeze                   Ice            24%          16%         1


Dungeon Overview and Level Annotations

Branches:
Dungeon (8/15)
 Temple: D:4-7         Lair: D:8-11

Altars:
Ashenzari
Fedhas
Gozag
Hepliaklqana
Makhleb
Okawaru
Vehumet
Xom

Shops:
D:4 *


Innate Abilities, Weirdness & Mutations

You have a beak for a mouth.
You have claws for feet.
You can fly continuously.
Your skin changes colour to match your surroundings (Stealth+).
You are agile. (Dex +2)
Your mind is acute. (Int +2)
Your spells are a little harder to cast, but a little more powerful.
You evolve.


Message History

You can't go up here!
The orc warrior hits you with a +0 hand axe.
You climb downwards.
There is a stone staircase leading up here.
Casting: Static Discharge (dangerous; 5% risk of failure)
Confirm with . or Enter, or press ? or * to list all spells.
The orc warrior is struck by an arc of lightning.
The orc warrior is moderately wounded.
You are struck by an arc of lightning.
The lightning grounds out.
The orc priest hits you but does no damage.
The orc completely misses you.
The orc warrior hits you with a +0 hand axe!
Unknown command.
The orc priest hits you from afar with a cursed -2 trident.
The orc hits you with a +0 war axe.
The orc warrior hits you with a +0 hand axe!
* * * LOW HITPOINT WARNING * * *
The orc priest invokes the aid of Beogh against you.
Beogh smites you!
You die...

#..#### #...#...##
......# ###.....PP.#
.#.##.###.......≈≈.#
###.............≈≈P#
.#.##.###......≈≈≈.#
#.###.# ###...##≈###
#####.# #...##.#
......# ##.###.#
####### #># #@#
#.###o## #o..# #.#.#
#o<.# ##.## #.# #.#
#.#


You could see an orc warrior, an orc priest and an orc.

Vanquished Creatures
  Grinder (D:4)
  Menkaure (D:4)
  Edmund (D:6)
  Duvessa (D:5)
  An ice beast (D:8)
  2 sky beasts
  Dowan (D:5)
  A scorpion (D:4)
  A water moccasin skeleton (D:5)
  A howler monkey (D:4)
  A bullfrog zombie (D:5)
  A bullfrog skeleton (D:4)
  An orc priest (D:4)
  A hound (D:8)
  6 orc wizards
  Natasha (D:4)
  4 worker ants
  7 gnolls
  7 adders
  3 shadow imps
  An ufetubus (D:5)
  An ooze (D:6)
  3 adder zombies
  An adder skeleton (D:4)
  2 worms
  A dart slug (D:2)
  4 leopard geckos
  24 orcs
  9 bats
  3 giant cockroaches
  7 goblins
  7 hobgoblins
  7 jackals
  3 quokkas
  2 ball pythons
  A ball python skeleton (D:5)
  8 frilled lizards
  A jackal zombie (D:3)
  9 kobolds
  2 quokka skeletons
  8 rats
147 creatures vanquished.

Vanquished Creatures (others)
  2 plants
2 creatures vanquished.

Grand Total: 149 creatures vanquished

Notes
Turn   | Place    | Note
-------+----------+-------------------------------------------
     0 | D:1      | Gadfly the Tengu Air Elementalist began the quest for the
                  | Orb.
     0 | D:1      | Reached XP level 1. HP: 10/10 MP: 4/4
  1170 | D:1      | Gained mutation: You evolve. [potion of mutation]
  1170 | D:1      | Gained mutation: You are agile. (Dex +2) [potion of
                  | mutation]
  1183 | D:2      | Reached XP level 2. HP: 15/15 MP: 3/6
  1484 | D:2      | Reached skill level 1 in Summonings
  1484 | D:2      | Reached skill level 1 in Evocations
  1484 | D:2      | Reached XP level 3. HP: 10/20 MP: 1/7
  1784 | D:2      | Found a blossoming altar of Fedhas.
  2252 | D:2      | Reached XP level 4. HP: 21/24 MP: 4/8
  2459 | D:2      | Learned a level 2 spell: Swiftness
  2463 | D:2      | Learned a level 3 spell: Static Discharge
  2816 | D:3      | Reached skill level 1 in Fighting
  3028 | D:2      | Gained mutation: You can fly continuously. [Tengu growth]
  3028 | D:2      | Reached XP level 5. HP: 24/29 MP: 6/9
  3953 | D:3      | Found a broken altar of Ashenzari.
  4284 | D:3      | Gained mutation: Your spells are a little harder to cast,
                  | but a little more powerful. [evolution]
  4417 | D:3      | Found a radiant altar of Vehumet.
  4430 | D:3      | Became a worshipper of Vehumet
  4542 | D:4      | Noticed a sky beast
  4571 | D:4      | Reached XP level 6. HP: 34/34 MP: 11/11
  4576 | D:4      | Learned a level 4 spell: Airstrike
  4639 | D:4      | Killed a sky beast
  4917 | D:4      | Found a hazy altar of Hepliaklqana.
  4918 | D:4      | Found a shimmering altar of Xom.
  4919 | D:4      | Noticed a spectral ugly thing
  4919 | D:4      | Noticed a caustic shrike
  4938 | D:4      | Reached XP level 7. HP: 9/39 MP: 0/12
  5276 | D:4      | Found Ixky's Assorted Antiques.
  5277 | D:4      | Noticed Menkaure
  5279 | D:4      | Bought a scroll labelled IPPA HILINWOGA for 21 gold pieces
  5280 | D:4      | Bought a scroll of magic mapping for 73 gold pieces
  5306 | D:4      | Killed Menkaure
  5393 | D:4      | Gained mutation: Your skin changes colour to match your
                  | surroundings (Stealth+). [evolution]
  5503 | D:4      | Found an iron altar of Okawaru.
  5656 | D:4      | Noticed Natasha
  5660 | D:4      | Killed Natasha
  5784 | D:4      | Noticed Grinder
  5796 | D:4      | Killed Grinder
  5797 | D:4      | Reached skill level 5 in Air Magic
  5802 | D:4      | Reached XP level 8. HP: 36/44 MP: 6/14
  6206 | D:5      | Entered Level 5 of the Dungeon
  6511 | D:5      | Reached * piety under Vehumet
  6511 | D:5      | Offered knowledge of Freeze by Vehumet.
  6717 | D:5      | Reached skill level 5 in Conjurations
  6727 | D:5      | Gained mutation: Your mind is acute. (Int +2) [evolution]
  7087 | D:5      | Noticed Duvessa
  7089 | D:5      | Noticed Dowan
  7105 | D:5      | Killed Duvessa
  7380 | D:5      | Killed Dowan
  7381 | D:5      | Reached skill level 5 in Dodging
  7703 | D:5      | Learned a level 5 spell: Lightning Bolt
  7884 | D:6      | Noticed Edmund
  7901 | D:6      | Killed Edmund
  8189 | D:6      | Reached skill level 5 in Summonings
  8254 | D:6      | Found a burning altar of Makhleb.
  8269 | D:6      | Found an opulent altar of Gozag.
  8293 | D:6      | You fall into a shaft and drop 2 floors!
  8304 | D:8      | Reached XP level 9. HP: 40/50 MP: 7/16
  8551 | D:8      | Killed from afar by an orc priest

Illustrated notes

Levels and vault maps discovered:
D:1:      mrwooster_arrival_arrow, layout_loops_corners, chequers_avenue,
          item_on_display_a
D:2:      layout_basic, fedhas_ov_isle_minmay
D:3:      layout_rooms, old_standard_altar, vehumet_crystals
D:4:      layout_loops_ring, regret_index_temple_of_mockery,
          nicolae_overflow_hidden_temple, serial_shops,
          nicolae_shop_behind_doors, okawaru_metal_pillars_1_2, uniq_grinder,
          uniq_menkaure, uniq_natasha
D:5:      layout_basic, minivault_5, uniq_duvessa
D:6:      layout_layer_cave, grunt_gozag_statues, tgw_trog, bloody_makhleb,
          gammafunk_ghost_nasty_kobolds, uniq_edmund
D:7:      layout_rooms, general_overflow_altar, minmay_temple_entry_offerings,
          serial_shops, nicolae_shop_competitors_out_of_business, uniq_maggie
D:8:      layout_loops_ring, cheibrodos_worm_habitat, david_lair_shrubbed,
          serial_bayou_pond_d, minmay_joined_circles, uniq_erica

Skill      XL: |  1  2  3  4  5  6  7  8 |
---------------+-------------------------+-----
Summonings     | 1 2 3 4 5 |  5.2
Evocations     | 1 2 3 4 |  4.3
Conjurations   | 2 3 4 5 |  5.7
Fighting       | 1 2 3 |  3.0
Dodging        | 3 4 5 |  5.4
Spellcasting   | 3 4 |  4.6
Air Magic      | 5 |  5.8
Stealth        | |  2.0

Action                   |  1- 3 |  4- 6 |  7- 9 || total
-------------------------+-------+-------+-------++-------
Melee: Short sword       |     9 |       |       ||     9
       Peck              |     8 |     4 |    14 ||    26
       Kick              |     8 |    10 |    25 ||    43
       Spear             |    56 |    53 |       ||   109
       Trident           |       |    11 |    95 ||   106
 Cast: Shock             |    31 |   109 |    83 ||   223
       Static Discharge  |       |     3 |     8 ||    11
       Airstrike         |       |     2 |     2 ||     4
  Use: Scroll            |    12 |     1 |     3 ||    16
       Potion            |     1 |       |       ||     1
 Stab: Sleeping          |     3 |     1 |     6 ||    10
Armor: Robe              |    15 |    20 |    37 ||    72
Dodge: Dodged            |    39 |    57 |   105 ||   201
